 Dungeon Crawl Stone Soup version 0.32-a0-814-g0968bab981 (webtiles) character file.

Game seed: 4371947589722041428

53 Essalna the Magician (level 3, 0/19 HPs)
             Began as a Deep Elf Fire Elementalist on Mar 22, 2024.
             Slain by an orc
             ... wielding a +0 club
              (3 damage)
             ... on level 2 of the Dungeon.
             The game lasted 00:02:15 (1893 turns).

Essalna the Magician (Deep Elf Fire Elementalist)   Turns: 1893, Time: 00:02:16

Health: 0/19       AC:  2    Str:  5    XL:     3   Next: 62%
Magic:  0/10       EV: 16    Int: 21    God:
Gold:   68         SH:  0    Dex: 15    Spells: 9/10 levels left

rFire   . . .        g - +0 dagger (venom)
rCold   . . .        (no shield)
rNeg    . . .        a - +0 robe
rPois   .            (no helmet)
rElec   .            (no cloak)
rCorr   .            (no gloves)
SInv    .            (no boots)
Will    .....        (no amulet)
Stlth   ++           k - +5 ring of evasion
HPRegen 0.23/turn    (no ring)
MPRegen 0.12/turn

%: no passive effects
@: lethally poisoned (0 -> -2)
A: no striking features
a: no special abilities


You were on level 2 of the Dungeon.
You visited 1 branch of the dungeon, and saw 3 of its levels.

You collected 68 gold pieces.

Inventory:

Hand Weapons
 g - a +0 dagger of venom (weapon)
Armour
 a - a +0 robe (worn)
Jewellery
 k - a +5 ring of evasion (left hand)
Scrolls
 c - 2 scrolls of identify {unknown}
 d - a scroll of amnesia {unknown}
 e - 2 scrolls of enchant weapon {unknown}
 i - 2 scrolls of noise {unknown}
 j - a scroll of blinking {unknown}
Potions
 b - a potion of magic
 f - 2 potions of enlightenment {unknown}
 h - 2 potions of haste {unknown}


   Skills:
 - Level 2.4 Dodging
 - Level 2.4 Stealth
 + Level 4.1 Spellcasting
 + Level 2.3 Conjurations
 + Level 4.0 Fire Magic


You had 9 spell levels left.
You knew the following spells:

 Your Spells              Type           Power      Damage    Failure   Level
a - Foxfire               Conj/Fire      68%        2x1d7     3%          1

Your spell library contained the following spells:

 Spells                   Type           Power      Damage    Failure   Level
 Scorch                   Fire           42%        2d6       3%          2
 Inner Flame              Hex/Fire       12%        N/A       16%         3
 Volatile Blastmotes      Fire/Tloc      24%        2d12      16%         3
 Flame Wave               Conj/Fire      17%        2d7       32%         4


Dungeon Overview and Level Annotations

Branches:
Dungeon (3/15)

Altars:


Message History

The foxfire hits the adder.
The adder is almost dead.
The adder misses you. The adder closely misses you. The adder misses you.
The adder closely misses you.
You conjure some foxfire!
The foxfire hits the adder.
The adder is lightly wounded.
The adder misses you. The adder barely misses you.
You conjure some foxfire!
The foxfire hits the adder.
You kill the adder!
The adder completely misses you.
Your Spellcasting skill increases to level 4!
You conjure some foxfire!
The foxfire hits the adder.
The adder is moderately wounded.
The adder barely misses you. The adder bites you. The orc closely misses you.
You conjure some foxfire!
The foxfire hits the orc.
The orc is heavily wounded.
The adder closely misses you. The orc misses you.
You conjure some foxfire!
The foxfire hits the adder.
The adder is severely wounded.
The adder closely misses you. The orc hits you but does no damage.
You conjure some foxfire!
The foxfire hits the orc.
The orc is severely wounded.
The adder bites you. x2
You are poisoned.
The adder poisons you! The orc barely misses you.
You are too injured to fight recklessly!
You feel sick.
The foxfire hits the adder.
You kill the adder!
The orc hits you with a +0 club.
Your Fire Magic skill increases to level 4!
You climb upwards.
* * * LOW HITPOINT WARNING * * *
You feel sick.
There is a stone staircase leading down here.
Casting: Foxfire (safe; 3% risk of failure)
Confirm with . or Enter, or press ? or * to list all spells.
You conjure some foxfire!
* * * LOW HITPOINT WARNING * * *
You feel sick. The orc hits you with a +0 club.
You die...

...##............<#
#.#
...##.............#
#.#
...#..........###.#
#.#
####........#..##.#
#.#
#........##.##.#
#.#########
#........##....#
#.........#
#...[....####..#
#########.#
#........# #vo# #.#
#....##### #@v# #>#
#....# #.## #.#
###### #.# #.# #.#
#.# #.# #.# #.# #.#
#.# #.# #.# #.# #.#
#.#


You could see an orc (ally target).

Vanquished Creatures
  2 adders (D:3)
  4 bats
  An endoplasm (D:1)
  2 giant cockroaches
  3 goblins
  3 hobgoblins
  4 jackals (D:2)
  3 quokkas
  4 ball pythons
  2 kobolds (D:1)
  3 rats (D:1)
31 creatures vanquished.

Vanquished Creatures (others)
  100 foxfires
100 creatures vanquished.

Grand Total: 131 creatures vanquished

Notes
Turn   | Place    | Note
-------+----------+-------------------------------------------
     0 | D:1      | Essalna the Deep Elf Fire Elementalist began the quest for
                  | the Orb.
     0 | D:1      | Reached XP level 1. HP: 10/10 MP: 6/6
   276 | D:1      | Reached XP level 2. HP: 7/15 MP: 5/8
  1561 | D:2      | Reached XP level 3. HP: 16/19 MP: 10/10
  1893 | D:2      | Slain by an orc

Illustrated notes

Levels and vault maps discovered:
D:1:      eino_arrival_cavern_e, layout_basic
D:2:      layout_basic, nicolae_concentric_dashed_squares_mild
D:3:      layout_loops_ring, mainiacjoe_overflow_alcove_1, st_stairs_9

Skill      XL: |  1  2  3 |
---------------+----------+-----
Conjurations   | 2 |  2.3
Spellcasting   | 4 |  4.1
Fire Magic     | 4 |  4.0
Dodging        | |  2.4
Stealth        | |  2.4

Action                     || total
---------------------------++-------
  Melee: Unarmed           ||     2
         Dagger            ||    23
   Cast: Foxfire           ||    64
   Stab: Sleeping          ||     1
 Armour: Robe              ||    30
  Dodge: Dodged            ||    52

Table legend: (Time is in decaauts)
 A = Elapsed time spent in this place.
 B = Non-inter-level travel time spent in this place.
 C = Inter-level travel time spent in this place.
 D = Time resting spent in this place.
 E = Time spent auto-exploring this place.
 F = Levels seen in this place.
 G = Mean time per level.
                   A        B        C        D        E       F      G
               +--------+--------+--------+--------+--------+-----+--------+
         Total |   1892 |   1844 |     48 |      0 |   1641 |   3 |  630.7 |
       Dungeon |   1892 |   1844 |     48 |      0 |   1641 |   3 |  630.7 |
               +--------+--------+--------+--------+--------+-----+--------+

Top non-repeatable levels by time:
     D:2: 1037 daAuts
     D:1: 843 daAuts
     D:3: 11 daAuts
